 Dungeon Crawl Stone Soup version 0.27.1-16-g815e20cd7a (webtiles) character file.

Game seed: 7612026556848786698

443 zeram the Spear-Bearer (level 7, -2/52 HPs)
             Began as a Merfolk Fighter on Nov 22, 2021.
             Slain by Menkaure (16 damage)
             ... on level 4 of the Dungeon.
             The game lasted 00:04:34 (4221 turns).

zeram the Spear-Bearer (Merfolk Fighter)            Turns: 4221, Time: 00:04:34

Health: -2/52      AC:  6    Str: 16    XL:     7   Next: 2%
Magic:  7/7        EV:  7    Int: 10    God:
Gold:   100        SH:  9    Dex: 13    Spells: 6/6 levels left

rFire    . . .     SeeInvis .   a - +0 trident
rCold    . . .     Faith    .   c - +0 kite shield
rNeg     . . .     Spirit   .   b - +0 scale mail
rPois    .         Reflect  .   (no helmet)
rElec    .         Harm     .   (no cloak)
rCorr    .         Rampage  .   (no gloves)
Will     .....                  (no boots)
Stlth    ..........             (no amulet)
HPRegen  0.17/turn              (no ring)
MPRegen  0.10/turn              (no ring)

@: no status effects
A: (nimble swimmer 2), mertail
a: no special abilities


You were on level 4 of the Dungeon.
You visited 1 branch of the dungeon, and saw 4 of its levels.

You collected 100 gold pieces.

Inventory:

Hand Weapons
 a - a +0 trident (weapon)
Armour
 b - a +0 scale mail (worn)
 c - a +0 kite shield (worn)
Jewellery
 h - an amulet of guardian spirit
 n - a ring of poison resistance
Scrolls
 d - 2 scrolls of identify
 f - a scroll of teleportation
Potions
 i - a potion of cancellation {unknown}
 m - a potion of resistance {unknown}
 o - a potion of curing {unknown}


   Skills:
 - Level 3.2 Fighting
 + Level 9.9 Polearms
 - Level 2.1 Armour
 + Level 2.6 Dodging
 - Level 3.0 Shields


You had 6 spell levels left.
You didn't know any spells.
Your spell library contained the following spells:

 Spells                   Type           Power      Damage    Failure   Level
 Slow                     Hex            0%         N/A       100%        2
 Confusing Touch          Hex            0%         N/A       100%        3
 Ozocubu's Armour         Ice            0%         N/A       100%        3
 Yara's Violent Unravell  Hex/Tmut       0%         3d3       100%        5
 Ozocubu's Refrigeration  Ice            0%         4d5       100%        7


Dungeon Overview and Level Annotations

Branches:
Dungeon (4/15)
 Temple: D:4-7

Altars:
The Shining One

Annotations:
D:3 2 transporters, ggallus's ghost, amateur HOFi
D:4 Ijyb; Menkaure


Innate Abilities, Weirdness & Mutations

((You are quick and stealthy near water. (Stealth+, EV+, Speed+++)))
Your lower body shifts to a powerful aquatic tail in water.


Message History

Menkaure, Prince of Dust comes into view.
Menkaure shouts!
Menkaure is nearby!
Menkaure is nearby!
Menkaure is nearby!
Unknown command.
Reach: a) +0 trident
Press: ? - help, Dir - move target, f - Menkaure
Aim: Menkaure (about 24% to evade your +0 trident)
You reach to attack!
You hit Menkaure but do no damage. You barely miss Menkaure.
Menkaure calls on the powers of darkness!
Your body is wracked with pain!
You puncture Menkaure!
Menkaure is moderately damaged.
Menkaure hits you!
* * * LOW HITPOINT WARNING * * *
You feel much better. Menkaure casts a spell at you.
Pain shoots through your body!
You barely miss Menkaure.
Menkaure is moderately damaged.
You closely miss Menkaure.
Menkaure is moderately damaged.
Menkaure hits you.
You hit Menkaure.
Menkaure is heavily damaged.
Menkaure sighs drily.
Menkaure gestures at you while chanting.
Pain shoots through your body!
You hit Menkaure but do no damage.
Menkaure is heavily damaged.
Menkaure casts a spell at you. Pain shoots through your body!
* * * LOW HITPOINT WARNING * * *
You puncture Menkaure!
Menkaure is severely damaged.
Menkaure whispers drily.
Menkaure hits you!
You die...

##..#...# #..###..##
#......## #...#....#
#......# #.........#
##......####.....####..
##..............### ..
##........#....### .#
.........#####.#
.........# # ........@#
.:.#....M# #.........
.. # ##..#####.. #.###
#.. #.. ##.... #. ..#
...... . ..# ..... .#
#.. #..


You could see Menkaure.

Vanquished Creatures
  Eustachio (D:4)
  Edmund (D:3)
  A scorpion (D:4)
  A bullfrog skeleton (D:4)
  Terence (D:2)
  2 adders
  A worm (D:2)
  A dart slug (D:2)
  4 ball pythons
  4 bats
  8 endoplasms
  4 giant cockroaches
  8 goblins
  6 hobgoblins
  A quokka (D:1)
  4 frilled lizards
  6 kobolds
  3 rats
  A bush (D:3)
58 creatures vanquished.

Notes
Turn   | Place    | Note
-------+----------+-------------------------------------------
     0 | D:1      | zeram the Merfolk Fighter began the quest for the Orb.
     0 | D:1      | Reached XP level 1. HP: 18/18 MP: 1/1
    97 | D:1      | Reached skill level 4 in Polearms
    97 | D:1      | Reached XP level 2. HP: 24/24 MP: 2/2
   750 | D:1      | Reached skill level 5 in Polearms
   750 | D:1      | Reached XP level 3. HP: 19/29 MP: 3/3
  1704 | D:2      | Noticed Terence
  1714 | D:2      | Killed Terence
  1715 | D:2      | Reached skill level 6 in Polearms
  1715 | D:2      | Reached XP level 4. HP: 10/35 MP: 4/4
  1994 | D:2      | Found a faded altar of an unknown god.
  2468 | D:3      | Found a transporter.
  2559 | D:3      | Found a glowing golden altar of the Shining One.
  2580 | D:3      | Noticed an ogre
  2584 | D:3      | Noticed ggallus's ghost (amateur HOFi)
  2590 | D:3      | Found a transporter.
  3293 | D:4      | Noticed Edmund
  3315 | D:3      | Killed Edmund
  3316 | D:3      | Reached skill level 8 in Polearms
  3316 | D:3      | Reached skill level 1 in Dodging
  3316 | D:3      | Reached XP level 5. HP: 7/41 MP: 5/5
  3583 | D:4      | Noticed Ijyb
  3910 | D:4      | Reached XP level 6. HP: 37/47 MP: 6/6
  4037 | D:4      | Noticed Eustachio
  4050 | D:4      | Killed Eustachio
  4051 | D:4      | Reached skill level 9 in Polearms
  4053 | D:4      | Reached XP level 7. HP: 32/52 MP: 7/7
  4210 | D:4      | Noticed Menkaure
  4221 | D:4      | Slain by Menkaure

Illustrated notes

Levels and vault maps discovered:
D:1:      psy_arrival_terrarium, layout_loops_cross
D:2:      layout_basic, hellmonk_ecumenical_altar_heavens_door,
          minmay_pentomino_w2, uniq_terence
D:3:      layout_basic, tso_altar, gammafunk_ghost_arena, minmay_hedge_maze,
          minmay_misc_feat_cross, roderic_lattice_a
D:4:      cheibrodos_old_hovel, layout_layer_cave, uniq_menkaure,
          uniq_eustachio, uniq_ijyb, uniq_edmund

Skill      XL: |  1  2  3  4  5  6 |
---------------+-------------------+-----
Polearms       | 4 5 6 8 9 |  9.9
Dodging        | 1 2 |  2.6
Fighting       | |  3.2
Armour         | |  2.1
Shields        | |  3.0

Action                   |  1- 3 |  4- 6 |  7- 9 || total
-------------------------+-------+-------+-------++-------
Melee: Trident           |   138 |   185 |    10 ||   333
  Use: Potion            |     1 |     2 |     1 ||     4
       Scroll            |       |     5 |       ||     5
Armor: Scale mail        |    34 |    20 |       ||    54
Dodge: Dodged            |    24 |    22 |     1 ||    47
Block: Kite shield       |    55 |    33 |       ||    88
